 Dungeon Crawl Stone Soup version 0.30-a0-141-g30f27751c5 (webtiles) character file.

Game seed: 12391246439515047573

59 Decritt the Digger (level 4, -3/26 HPs)
             Began as a Gargoyle Earth Elementalist on Sept 25, 2022.
             Killed from afar by Natasha (5 damage)
             ... with a bolt of dispelling energy
             ... on level 2 of the Dungeon.
             The game lasted 00:02:48 (1105 turns).

Decritt the Digger (Gargoyle Earth Elementalist)    Turns: 1105, Time: 00:02:49

Health: -3/26      AC: 13    Str: 11    XL:     4   Next: 3%
Magic:  6/7        EV: 10    Int: 18    God:
Gold:   79         SH:  0    Dex: 10    Spells: 7/8 levels left

rFire   . . .      SeeInvis .    h - +2 dagger (vamp)
rCold   . . .      Faith    .    (no shield)
rNeg    + . .      Spirit   .    i - +3 ring mail
rPois   ∞          Reflect  .    (no helmet)
rElec   +          Harm     .    (no cloak)
rCorr   .          Rampage  .    (no gloves)
Will    .....                    n - +0 pair of boots
Stlth   +.........               l - amulet of magic regeneration
HPRegen 0.08/turn                (no ring)
MPRegen 0.50/turn                (no ring)

@: very slightly contaminated
A: sickness immunity, AC +3, negative energy resistance 1, electricity
resistance, torment resistance 1, petrification resistance
a: no special abilities


You were on level 2 of the Dungeon.
You visited 1 branch of the dungeon, and saw 2 of its levels.

You collected 79 gold pieces.

Inventory:

Hand Weapons
 d - a +0 mace
 h - a +2 vampiric dagger (weapon)
Armour
 a - a +0 robe
 i - a +3 ring mail (worn)
 n - a +0 pair of boots (worn)
Jewellery
 l - an amulet of magic regeneration (around neck)
Scrolls
 j - a scroll of poison {unknown}
 k - a scroll of teleportation {unknown}
 m - a scroll of enchant armour {unknown}
Potions
 b - a potion of magic
 c - a potion of heal wounds {unknown}
 e - a potion of cancellation {unknown}
 f - 2 potions of curing {unknown}
 g - a potion of resistance {unknown}


   Skills:
 + Level 1.6 Fighting
 + Level 1.6 Armour
 - Level 1.5 Dodging
 - Level 2.1 Stealth
 + Level 2.6 Spellcasting
 - Level 0.7 Transmutations
 + Level 4.2 Earth Magic


You had 7 spell levels left.
You knew the following spells:

 Your Spells              Type           Power      Damage    Failure   Level
a - Sandblast             Erth           34%        2d9       7%          1

Your spell library contained the following spells:

 Spells                   Type           Power      Damage    Failure   Level
 Passwall                 Tmut/Erth      9%         N/A       22%         2
 Foxfire                  Conj/Fire      8%         2x1d4     38%         1
 Stone Arrow              Conj/Erth      20%        3d8       45%         3
 Petrify                  Tmut/Erth      11%        N/A       82%         4


Dungeon Overview and Level Annotations

Branches:
Dungeon (2/15)

Altars:

Annotations:
D:2 Natasha


Innate Abilities, Weirdness & Mutations

You are immune to sickness and miasma.
Your stone body is resilient. (AC +3)
You are immune to poison.
You resist negative energy. (rN+)
You are resistant to electric shocks. (rElec)
You are resistant to unholy torment.
You are immune to petrification.


Message History

Found a stone staircase leading up.
A hobgoblin comes into view.
The hobgoblin shouts!
The blast of sand hits the hobgoblin!
You kill the hobgoblin!
No target in view!
You now have 79 gold pieces (gained 10).
There is a stone staircase leading up here.
You see here a +0 pair of boots.
You start putting on your armour.
You continue putting on your +0 pair of boots. x4
You finish putting on your +0 pair of boots.
You open the door.
There is an open door here.
Natasha, Servant of Life and Death comes into view.
She is carrying a wand of quicksilver (12).
Unknown command.
Natasha stares at you and mumbles some strange words.
You feel yourself slow down.
Natasha zaps a wand.
The bolt of dispelling energy hits you.
Your magical effects are unravelling.
Natasha zaps a wand.
The bolt of dispelling energy misses you.
You feel yourself speed up.
Natasha zaps a wand.
The bolt of dispelling energy hits you!
Ouch! That really hurt!
* * * LOW HITPOINT WARNING * * *
The blast of sand hits Natasha.
Natasha is moderately wounded.
Natasha zaps a wand.
The bolt of dispelling energy hits you!
* * * LOW HITPOINT WARNING * * *
Okay, then.
You are too injured to fight recklessly!
Aiming: Sandblast (safe; 7% risk of failure)
Press: ? - help, Q - select action Shift-Dir - straight line, f/p - Natasha
Aim: Natasha, carrying a wand of quicksilver (8) (moderately wounded, 77% to hit)
You miscast Sandblast.
You are very lightly contaminated with residual magic.
Nothing appears to happen.
Natasha zaps a wand.
The bolt of dispelling energy hits you.
You die...

########### . #.........###
..##########.####.......
................'.<.....
............#####.......
...................#.##+
#......h..@....######......
#....#########.##..........
#....#### #.##.####.....
#(......# #.......+.....
#....##.## ####.####.....
#........# #####.#####....
#....8#8.####........# ...[
#....#$#.............# ....
#....8#8.........†...# ....


You could see Natasha.

Vanquished Creatures
  Natasha (D:2)
  A worm (D:2)
  2 ball pythons
  2 endoplasms (D:1)
  2 giant cockroaches (D:1)
  2 goblins (D:1)
  3 hobgoblins
  2 jackals (D:1)
  2 quokkas (D:1)
  3 bats (D:1)
  3 kobolds (D:1)
  7 rats
30 creatures vanquished.

Vanquished Creatures (others)
  2 plants (D:1)
2 creatures vanquished.

Grand Total: 32 creatures vanquished

Notes
Turn   | Place    | Note
-------+----------+-------------------------------------------
     0 | D:1      | Decritt the Gargoyle Earth Elementalist began the quest for
                  | the Orb.
     0 | D:1      | Reached XP level 1. HP: 10/10 MP: 3/3
    65 | D:1      | Found a faded altar of an unknown god.
    94 | D:1      | Got Plato's Grimoire of Combustion
   194 | D:1      | Reached XP level 2. HP: 16/16 MP: 0/5
   352 | D:1      | Reached skill level 1 in Fighting
   401 | D:1      | Reached skill level 1 in Armour
   538 | D:1      | Reached skill level 4 in Earth Magic
   564 | D:1      | Reached XP level 3. HP: 20/20 MP: 3/6
  1058 | D:2      | Noticed Natasha
  1062 | D:2      | Killed Natasha
  1063 | D:2      | Reached XP level 4. HP: 25/25 MP: 5/7
  1100 | D:2      | Noticed Natasha
  1105 | D:2      | Killed from afar by Natasha

Illustrated notes

Levels and vault maps discovered:
D:1:      dpeg_arrival_round_a, layout_basic,
          shapermc_ecumenical_altar_rom_forum, serial_bayou_ford_a,
          minmay_misc_feat_four_crosses, nicolae_concentric_dashed_squares_mild
D:2:      layout_basic, minmay_statues_item, minmay_misc_feat_five, uniq_natasha

Skill      XL: |  1  2 |
---------------+-------+-----
Fighting       | 1 |  1.6
Armour         | 1 |  1.6
Earth Magic    | 4 |  4.2
Dodging        | |  1.5
Stealth        | |  2.1
Spellcasting   | |  2.6
Transmutations | |  0.7

Action                   |  1- 3 |  4- 6 || total
-------------------------+-------+-------++-------
Melee: Unarmed           |     2 |       ||     2
       Dagger            |    24 |       ||    24
 Cast: Sandblast         |    34 |     3 ||    37
Armor: Robe              |     9 |       ||     9
       Ring mail         |     3 |       ||     3
Dodge: Dodged            |    21 |     1 ||    22

Table legend: (Time is in decaauts)
 A = Elapsed time spent in this place.
 B = Non-inter-level travel time spent in this place.
 C = Inter-level travel time spent in this place.
 D = Time resting spent in this place.
 E = Time spent auto-exploring this place.
 F = Levels seen in this place.
 G = Mean time per level.
                   A        B        C        D        E       F      G
               +--------+--------+--------+--------+--------+-----+--------+
         Total |   1129 |   1086 |     43 |      0 |    858 |   2 |  564.5 |
       Dungeon |   1129 |   1086 |     43 |      0 |    858 |   2 |  564.5 |
               +--------+--------+--------+--------+--------+-----+--------+

Top non-repeatable levels by time:
     D:1: 961 daAuts
     D:2: 168 daAuts
